 Dungeon Crawl Stone Soup version 0.21-a0-258-g4c0eb85 (webtiles) character file.

3255 Gorice the Basher (level 10, -7/106 HPs)
             Began as a Gnoll Berserker on Sept 6, 2017.
             Was an Elder of Trog.
             Mangled by a hippogriff (9 damage)
             ... on level 7 of the Dungeon.
             The game lasted 00:29:11 (9889 turns).

Gorice the Basher (Gnoll Berserker)                 Turns: 9889, Time: 00:29:11

Health: -7/106     AC: 12    Str:  7    XL:     10   Next: 0%
Magic:  0/10       EV:  8    Int:  7    God:    Trog [****..]
Gold:   396        SH:  0    Dex:  7    Spells: 9/9 levels left

rFire    . . .     SeeInvis .   a - +1 morningstar
rCold    . . .     Gourm    .   (no shield)
rNeg     . . .     Faith    .   r - +0 scale mail (curse)
rPois    .         Spirit   +   e - +1 helmet
rElec    .         Reflect  .   v - +0 cloak
rCorr    .         Harm     .   (no gloves)
MR       .....                  (no boots)
Stlth    ..........             j - amulet of guardian spirit
HPRegen  0.27/turn              (no ring)
MPRegen  0.12/turn              (no ring)

@: berserking, lethally poisoned (-7 -> -7), starving, hasted, drained, very
quick
A: unchanging attributes, fangs 1, strong nose
a: Berserk, Trog's Hand, Brothers in Arms, Burn Spellbooks, Renounce Religion


You were on level 7 of the Dungeon.
You worshipped Trog.
Trog was greatly pleased with you.
You were starving.

You visited 1 branch of the dungeon, and saw 7 of its levels.

You collected 396 gold pieces.

Inventory:

Hand Weapons
 a - a +1 morningstar (weapon)
 b - a +1 whip of electrocution
   (You took it off Pikel on level 6 of the Dungeon)
 h - a +2 hunting sling of freezing
   (You found it on level 1 of the Dungeon)
 q - a +0 mace
 w - a +0 falchion
Missiles
 k - 17 bolts
 s - 32 sling bullets
 x - 6 tomahawks (quivered)
 Z - 223 stones
Armour
 e - a +1 helmet (worn)
 i - a +0 ring mail
 o - a +1 helmet
 r - a cursed +0 scale mail (worn)
 v - a +0 cloak (worn)
 y - a +0 chain mail
 A - a scarf of spirit shield
   (You found it on level 5 of the Dungeon)
 E - a +0 animal skin
Jewellery
 j - an amulet of guardian spirit (around neck)
 B - an uncursed ring of flight {unknown}
 F - an uncursed ring of magical power {unknown}
 G - a +5 amulet of reflection
Wands
 t - a wand of flame (34/48)
 C - a wand of iceblast (5/15)
Scrolls
 l - a scroll of enchant armour
 p - 2 scrolls of teleportation {!r}
 u - 2 scrolls of identify
 H - a scroll of fog {unknown}
 I - a scroll of blinking
Potions
 d - 3 potions of haste {!q}
 f - a potion of cancellation {!q}
 g - 2 potions of flight
 z - 2 potions of heal wounds {!q}
Comestibles
 c - 4 bread rations {!e}
 m - a fruit
 n - 3 meat rations {!e}
 D - 2 royal jellies


   Skills:
 - Level 4.0(3.3) Fighting
 * Level 14.5(13.7) Maces & Flails
 + Level 10.3(9.5) Armour
 - Level 2.6(2.0) Dodging


You had 9 spell levels left.
You didn't know any spells.

Dungeon Overview and Level Annotations

Branches:
Dungeon (7/15)             Temple (0/1) D:7

Altars:
Kikubaaqudgha
Makhleb
Qazlal
Ru
Uskayaw
Xom

Shops:
D:5 =


Innate Abilities, Weirdness & Mutations

Your physical attributes are unchanging.
You have very sharp teeth.
Your uncanny sense of smell can sniff out nearby items.


Message History

Damage: 1 (max 16)
You hit the ogre. You bite the ogre, but do no damage.
The ogre is lightly wounded.
The ogre hits you with a giant club.
* * * LOW HITPOINT WARNING * * *
Damage: 3 (max 16) Unknown command.
A red film seems to cover your vision as you go berserk!
You feel yourself moving faster!
You feel mighty!
You are starving!
You hit the ogre.
The ogre is lightly wounded.
The ogre hits you with a giant club!
* * * LOW HITPOINT WARNING * * *
Damage: 10 (max 16)
You impale the ogre!! You bite the ogre.
The ogre is almost dead.
You barely miss the ogre. You bite the ogre.
The ogre is almost dead.
You feel sick.
The hippogriff bites you but does no damage.
The hippogriff closely misses you. The hippogriff claws you.
* * * LOW HITPOINT WARNING * * *
The ogre closely misses you.
Damage: 4 (max 16)
You barely miss the ogre.
The ogre is almost dead.
Unknown command.
You completely miss the ogre.
The ogre is almost dead.
The hippogriff bites you!
* * * LOW HITPOINT WARNING * * *
The hippogriff pecks you.
* * * LOW HITPOINT WARNING * * *
The hippogriff claws you but does no damage.
The ogre barely misses you.
Damage: 8 (max 16)
You barely miss the ogre.
The ogre is almost dead.
Unknown command.
You completely miss the ogre.
The ogre is almost dead.
The hippogriff bites you but does no damage.
The hippogriff pecks you but does no damage.
The hippogriff barely misses you.
Unknown command.
You barely miss the ogre.
The ogre is almost dead.
You feel sick. The ogre hits you but does no damage. The hippogriff bites you!
You die...

#......#
#......#
##.....(#
.......(#
.......(#
........#
.(......#
.......O#####...
......cH@.......
..######........
.) #........
#........ .#
#.....### .#
#.....# .#
####### .# .# ∆


You could see a hippogriff, an ogre and a centaur.

Vanquished Creatures
  Pikel (D:6)
  Grinder (D:3)
  Sigmund (D:6)
  A wyvern (D:4)
  Edmund (D:6)
  A water moccasin (D:6)
  A sky beast (D:6)
  2 ogres
  3 ice beasts
  The ghost of Syneil the Chopper, an amateur HOFi of Okawaru (D:3)
  A necrophage (D:7)
  2 bullfrogs (D:6)
  3 scorpions
  A water moccasin skeleton (D:5)
  4 wights (D:7)
  A howler monkey (D:5)
  4 crimson imps
  A bullfrog zombie (D:7)
  Crazy Yiuf (D:4)
  3 hounds
  A gnoll shaman (D:5)
  2 iguanas
  Jessica (D:2)
  5 worker ants
  A howler monkey zombie (D:5)
  Robin (D:4)
  11 gnolls
  10 adders
  3 shadow imps
  4 worms
  3 dart slugs
  8 leopard geckos
  9 orcs
  4 ball pythons
  4 giant cockroaches
  16 goblins
  9 hobgoblins
  16 jackals
  6 quokkas
  8 bats
  12 frilled lizards
  7 kobolds
  9 rats
184 creatures vanquished.

Vanquished Creatures (others)
  A slave (D:6)
  4 toadstools (D:1)
5 creatures vanquished.

Grand Total: 189 creatures vanquished

Notes
Turn   | Place    | Note
-------+----------+-------------------------------------------
     0 | D:1      | Gorice the Gnoll Berserker began the quest for the Orb.
     0 | D:1      | Reached XP level 1. HP: 19/19 MP: 1/1
   118 | D:1      | Reached XP level 2. HP: 25/25 MP: 2/2
   376 | D:1      | Reached skill level 3 in Armour
   432 | D:1      | Reached skill level 5 in Maces & Flails
   473 | D:1      | Reached ** piety under Trog
   478 | D:1      | Reached XP level 3. HP: 20/30 MP: 3/3
  1126 | D:1      | Reached XP level 4. HP: 35/37 MP: 4/4
  1398 | D:2      | Reached skill level 6 in Maces & Flails
  1748 | D:2      | Reached *** piety under Trog
  1838 | D:2      | Noticed Jessica
  1864 | D:2      | Killed Jessica
  1864 | D:2      | Reached skill level 4 in Armour
  1864 | D:2      | Reached XP level 5. HP: 24/42 MP: 5/5
  2039 | D:2      | Found a shimmering altar of Xom.
  2078 | D:2      | Found a shimmering altar of Xom.
  2085 | D:2      | Found a shimmering altar of Xom.
  2086 | D:2      | Found a shimmering altar of Xom.
  2737 | D:3      | Reached skill level 7 in Maces & Flails
  2804 | D:3      | Noticed Syneil's ghost (amateur HOFi)
  2856 | D:3      | Killed Syneil's ghost
  2856 | D:3      | Reached XP level 6. HP: 31/48 MP: 6/6
  3324 | D:3      | Noticed Grinder
  3331 | D:3      | Killed Grinder
  3331 | D:3      | Reached skill level 8 in Maces & Flails
  3331 | D:3      | Reached skill level 5 in Armour
  3331 | D:3      | Reached XP level 7. HP: 54/54 MP: 7/7
  3746 | D:3      | Reached skill level 9 in Maces & Flails
  3763 | D:3      | HP: 24/81 [phantom (5)]
  3769 | D:3      | HP: 17/81 [gnoll/halberd (8)]
  4029 | D:3      | HP: 16/54 [phantom (5)]
  4036 | D:3      | HP: 14/54 [phantom (3)]
  4204 | D:4      | HP: 16/54 [poisoned by a scorpion]
  4209 | D:4      | HP: 13/54 [poisoned by a scorpion]
  4215 | D:4      | HP: 11/54 [poisoned by a scorpion]
  4221 | D:4      | HP: 10/54 [poisoned by a scorpion]
  4229 | D:4      | HP: 9/54 [poisoned by a scorpion]
  4519 | D:4      | Found a sacrificial altar of Ru.
  4844 | D:4      | Noticed Robin
  4893 | D:3      | HP: 16/54 [poisoned by an adder]
  4901 | D:3      | HP: 16/54 [poisoned by an adder]
  4909 | D:3      | HP: 15/54 [poisoned by an adder]
  5208 | D:3      | Reached skill level 6 in Armour
  5306 | D:4      | Killed Robin
  5418 | D:4      | Reached skill level 10 in Maces & Flails
  5787 | D:4      | Found a runed door.
  5791 | D:4      | Noticed Crazy Yiuf
  5794 | D:4      | Paralysed by Crazy Yiuf for 6 turns
  5802 | D:4      | Killed Crazy Yiuf
  5987 | D:4      | Reached XP level 8. HP: 53/60 MP: 6/8
  6253 | D:5      | Entered Level 5 of the Dungeon
  6438 | D:4      | Reached **** piety under Trog
  6681 | D:5      | Reached skill level 7 in Armour
  6793 | D:5      | Reached skill level 11 in Maces & Flails
  6986 | D:5      | Found Ocaakes's Jewellery Boutique.
  7021 | D:5      | Noticed a wyvern
  7034 | D:4      | HP: 25/90 [wyvern (11)]
  7038 | D:4      | Killed a wyvern
  7288 | D:5      | Reached skill level 8 in Armour
  7292 | D:5      | Reached skill level 12 in Maces & Flails
  7363 | D:5      | HP: 10/60 [ice beast (11)]
  7760 | D:5      | Found a stormy altar of Qazlal.
  7771 | D:5      | Found an ancient bone altar of Kikubaaqudgha.
  8017 | D:6      | Reached XP level 9. HP: 65/65 MP: 9/9
  8181 | D:6      | HP: 24/97 [water moccasin (7)]
  8186 | D:6      | HP: 13/97 [poisoned by a water moccasin]
  8421 | D:6      | Noticed Sigmund
  8447 | D:6      | Killed Sigmund
  8447 | D:6      | Reached skill level 9 in Armour
  8459 | D:6      | HP: 19/65 [poisoned by Sigmund]
  8465 | D:6      | HP: 15/65 [poisoned by Sigmund]
  8472 | D:6      | HP: 14/65 [poisoned by Sigmund]
  8479 | D:6      | HP: 13/65 [poisoned by Sigmund]
  8487 | D:6      | HP: 13/65 [poisoned by Sigmund]
  8677 | D:6      | Reached skill level 13 in Maces & Flails
  8886 | D:6      | Noticed Pikel
  8901 | D:6      | Killed Pikel
  9048 | D:6      | Noticed Edmund
  9057 | D:6      | Killed Edmund
  9212 | D:7      | Reached skill level 14 in Maces & Flails
  9212 | D:7      | Reached skill level 10 in Armour
  9221 | D:7      | Found a hide-covered altar of Uskayaw.
  9340 | D:7      | Found a staircase to the Ecumenical Temple.
  9764 | D:7      | Found a burning altar of Makhleb.
  9841 | D:7      | Reached XP level 10. HP: 60/69 MP: 10/10
  9876 | D:7      | HP: 8/69 [ogre/giant club (16)]
  9882 | D:7      | HP: 14/106 [ogre/giant club (10)]
  9886 | D:7      | HP: 4/106 [hippogriff (7)]
  9889 | D:7      | Mangled by a hippogriff

Vault maps used:
D:1:      ldierk_water_garden, serial_co_window_serial, co_window_paths_b,
          co_window_cross_1, co_window_paths_a, co_window_corner_a,
          co_window_paths_a, co_window_unsneaky_path_e,
          co_window_of_opportunity_b, co_window_paths_c, co_window_broadway_a,
          co_window_broadway_b, co_window_unsneaky_path_d, co_window_4corner_a,
          glass_columns_b, glass_columns_c, glass_columns_b, glass_columns_a,
          minmay_pentomino_z4
D:2:      xom_redecorated, uniq_jessica
D:3:      st_stairs_13, uniq_grinder
D:4:      hangedman_ru_absence, first_bread, serial_bayou_lagoon_b,
          uniq_crazy_yiuf_cottage, uniq_robin
D:5:      amethyst_overflow_temple_binary, serial_shops, shop,
          hangedman_decor_riveting, minmay_lizard_king
D:6:      kennysheep_boxes, uniq_pikel, uniq_sigmund, uniq_edmund
D:7:      grunt_temple_overflow_open, minmay_temple_entry_grid, basic_altar

Skill      XL: |  1  2  3  4  5  6  7  8  9 |
---------------+----------------------------+-----
Armour         | 3 4 5 6 8 10 | 10.3
Maces & Flails | 5 6 7 8 10 12 14 | 14.5
Fighting       | |  4.0
Dodging        | |  2.6

Action                   |  1- 3 |  4- 6 |  7- 9 | 10-12 || total
-------------------------+-------+-------+-------+-------++-------
Melee: Mace              |   166 |   185 |       |       ||   351
       Bite              |     7 |     4 |    22 |     3 ||    36
       Morningstar       |       |    28 |   580 |    12 ||   620
Throw: Stone             |     3 |    11 |    20 |       ||    34
       Tomahawk          |       |       |    23 |       ||    23
Invok: Berserk           |     1 |     4 |    12 |     1 ||    18
  Use: Scroll            |       |     7 |     8 |     1 ||    16
       Potion            |       |       |     3 |     2 ||     5
  Eat: Chunk             |     2 |    10 |    28 |       ||    40
       Royal jelly       |       |       |     2 |       ||     2
Armor: Animal skin       |     5 |       |       |       ||     5
       Ring mail         |    65 |    93 |       |       ||   158
       Scale mail        |       |     6 |   272 |    17 ||   295
Dodge: Dodged            |   115 |   115 |   230 |    12 ||   472

Table legend:
 A = Spawn XP
 B = Non-spawn XP
 C = Spawn XP percentage of total XP
 D = Spawn monster count
 E = Non-spawn monster count
 F = Spawn count percentage of total count
 G = Total turns spent on level
                    A         B        C        D         E        F      G
               +---------+---------+-------+---------+---------+-------+---------
         Total |       0 |    4651 |   0.0 |       0 |     184 |   0.0 |  9889
               +---------+---------+-------+---------+---------+-------+---------
           D:1 |       0 |      90 |   0.0 |       0 |      42 |   0.0 |  1371
           D:2 |       0 |     111 |   0.0 |       0 |      29 |   0.0 |  1500
           D:3 |       0 |     580 |   0.0 |       0 |      28 |   0.0 |  1537
           D:4 |       0 |     716 |   0.0 |       0 |      27 |   0.0 |  2324
           D:5 |       0 |     842 |   0.0 |       0 |      32 |   0.0 |  1252
           D:6 |       0 |    1677 |   0.0 |       0 |      14 |   0.0 |  1220
           D:7 |       0 |     635 |   0.0 |       0 |      12 |   0.0 |   685
               +---------+---------+-------+---------+---------+-------+---------

Table legend:
 A = Turns spent in this place as a percentage of turns spent in the entire game.
 B = Non-inter-level travel turns spent in this place as a percentage of non-inter-level travel turns spent in the entire game.
 C = Inter-level travel turns spent in this place as a percentage of turns spent in this place.
 D = Turns resting spent in this place as a percentage of non-inter-level travel turns spent in this place.
 E = Turns spent auto-exploring this place as a percentage of non-inter-level travel turns spent in this place.
 F = Non-inter-level travel turns spent in this place divided by the number of levels of this place that you've seen.
                   A       B       C       D       E      F
               +-------+-------+-------+-------+-------+----------------------
         Total | 100.0 | 100.0 |   2.7 |  33.5 |  36.5 | 1374.4
       Dungeon | 100.0 | 100.0 |   2.7 |  33.5 |  36.5 | 1374.4
               +-------+-------+-------+-------+-------+----------------------

Vault maps used:
D:1:      ldierk_water_garden, serial_co_window_serial, co_window_paths_b,
          co_window_cross_1, co_window_paths_a, co_window_corner_a,
          co_window_paths_a, co_window_unsneaky_path_e,
          co_window_of_opportunity_b, co_window_paths_c, co_window_broadway_a,
          co_window_broadway_b, co_window_unsneaky_path_d, co_window_4corner_a,
          glass_columns_b, glass_columns_c, glass_columns_b, glass_columns_a,
          minmay_pentomino_z4
D:2:      xom_redecorated, uniq_jessica
D:3:      st_stairs_13, uniq_grinder
D:4:      hangedman_ru_absence, first_bread, serial_bayou_lagoon_b,
          uniq_crazy_yiuf_cottage, uniq_robin
D:5:      amethyst_overflow_temple_binary, serial_shops, shop,
          hangedman_decor_riveting, minmay_lizard_king
D:6:      kennysheep_boxes, uniq_pikel, uniq_sigmund, uniq_edmund
D:7:      grunt_temple_overflow_open, minmay_temple_entry_grid, basic_altar
